 Dungeon Crawl Stone Soup version 0.27.1-34-g3ba077fa99 (webtiles) character file.

Game seed: 17450395757821110304

31 cbfl8 the Sneak (level 3, -4/33 HPs)
             Began as a Minotaur Delver on Jan 23, 2022.
             Slain by a phantom (5 damage)
             ... on level 5 of the Dungeon.
             The game lasted 00:00:15 (46 turns).

cbfl8 the Sneak (Minotaur Delver)                     Turns: 46, Time: 00:00:16

Health: -4/33      AC:  3    Str: 17    XL:     3   Next: 7%
Magic:  2/2        EV: 11    Int:  7    God:
Gold:   24         SH:  0    Dex: 11    Spells: 2/2 levels left

rFire    . . .     SeeInvis .   a - +0 hand axe
rCold    . . .     Faith    .   (no shield)
rNeg     . . .     Spirit   .   b - +0 leather armour
rPois    .         Reflect  .   (helmet restricted)
rElec    .         Harm     .   (no cloak)
rCorr    .         Rampage  .   (no gloves)
Will     .....                  (no boots)
Stlth    ++........             (no amulet)
HPRegen  0.11/turn              (no ring)
MPRegen  0.08/turn              (no ring)

@: no status effects
A: horns 2, retaliatory headbutt
a: no special abilities


You were on level 5 of the Dungeon.
You visited 1 branch of the dungeon, and saw 1 of its levels.

You collected 24 gold pieces.

Inventory:

Hand Weapons
 a - a +0 hand axe (weapon)
Armour
 b - a +0 leather armour (worn)
Wands
 g - a wand of digging (3)
Scrolls
 c - a scroll of fog
 d - a scroll of magic mapping
 e - a scroll of fear
 h - a scroll of identify {unknown}
Potions
 f - a potion of haste


   Skills:
 + Level 3.9 Fighting
 + Level 2.5 Axes
 + Level 2.2 Dodging
 + Level 4.8 Stealth


You had 2 spell levels left.
You didn't know any spells.
Your spell library was empty.

Dungeon Overview and Level Annotations

Branches:
Dungeon (5/15)
 Temple: D:4-7

Altars:

Annotations:
D:5 4 runed translucent doors


Innate Abilities, Weirdness & Mutations

You have a pair of horns on your head.
You reflexively headbutt those who attack you in melee.


Message History

The killer bee buzzes angrily.
You hit the phantom but do no damage.
The phantom is heavily damaged.
The phantom barely misses you.
Unknown command.
The killer bee buzzes angrily.
You hit the phantom but do no damage.
The phantom is heavily damaged.
The phantom misses you.
Unknown command.
You hit the phantom but do no damage.
The phantom is heavily damaged.
The phantom barely misses you. You furiously retaliate!
You headbutt the phantom.
Unknown command.
You closely miss the phantom.
The phantom is severely damaged.
The phantom hits you.
* * * LOW HITPOINT WARNING * * *
Unknown command.
You barely miss the phantom.
The phantom is severely damaged.
You are no longer corroded.
The phantom hits you but does no damage.
The phantom closely misses you. You furiously retaliate!
You headbutt the phantom.
Unknown command.
Unknown command.
You hit the phantom but do no damage. Your headbutt misses the phantom.
The phantom is severely damaged.
The phantom closely misses you.
Unknown command.
You miss the phantom.
The phantom is severely damaged.
The phantom hits you but does no damage.
Unknown command.
You hit the phantom but do no damage.
The phantom is severely damaged.
The phantom hits you.
You die...

+# ... #.##.. ##..### #.....#
# .+$? y..yy. )# ##. ###+##
.yy####.... #.....##y.###....#
... . #..s.s#.##@..# ..
..#.#### ...ss+##.W.## .
......... # #ssss##..#.#
.#.#....... ##..######...#.#
###(......... #....§.......#..
....#.......
#.########.#.#######.##.......
#...).#.#................
#$....#....#####.##......
##....####...# #...>.....


You could see a phantom and 4 killer bees.

Vanquished Creatures
  A jelly (D:5)
1 creature vanquished.

Notes
Turn   | Place    | Note
-------+----------+-------------------------------------------
     0 | D:5      | cbfl8 the Minotaur Delver began the quest for the Orb.
     0 | D:5      | Reached XP level 1. HP: 19/19 MP: 0/0
    20 | D:5      | Found the +9 staff of Olgreb {rPois∞}
    22 | D:5      | Noticed a scorpion
    22 | D:5      | Noticed a scorpion
    22 | D:5      | Noticed a scorpion
    23 | D:5      | Found a runed translucent gate.
    23 | D:5      | Found a runed translucent gate.
    23 | D:5      | Noticed a redback
    23 | D:5      | Noticed a scorpion
    23 | D:5      | Noticed a redback
    23 | D:5      | Noticed a scorpion
    23 | D:5      | Noticed a scorpion
    23 | D:5      | Noticed a jelly
    24 | D:5      | Found a runed translucent door.
    24 | D:5      | Noticed a phantom
    25 | D:5      | Noticed a killer bee
    25 | D:5      | Noticed a killer bee
    25 | D:5      | Noticed a killer bee
    25 | D:5      | Noticed a killer bee
    29 | D:5      | Killed a jelly
    30 | D:5      | Reached XP level 2. HP: 15/27 MP: 1/1
    30 | D:5      | Reached XP level 3. HP: 18/33 MP: 2/2
    35 | D:5      | Found a runed translucent door.
    35 | D:5      | Noticed a killer bee
    35 | D:5      | Noticed a killer bee
    37 | D:5      | Noticed a killer bee
    42 | D:5      | HP: 1/33 [phantom (6)]
    46 | D:5      | Slain by a phantom

Illustrated notes

Levels and vault maps discovered:
D:5:      layout_basic, mainiacjoe_overflow_cross_hatched,
          nicolae_hepliaklqana_monster_ancestors, cheibrodos_sewer_entry_sluice,
          minmay_guarded_unrand_staff_of_olgreb, uniq_ijyb, uniq_duvessa

Action                   || total
-------------------------++-------
Melee: Hand axe          ||    18
       Headbutt          ||     3
Armor: Leather armour    ||     3
Dodge: Dodged            ||    14
